[Event "44th Chess Olympiad Women 2022"]
[Site "Chennai"]
[Date "2022.08.08"]
[Round "10.72"]
[White "Pio Monteiro, Juliana"]
[Black "De Souza, Ivana Claudia Eyram"]
[Result "0-1"]
[WhiteElo "1319"]
[BlackElo "1167"]
[Annotator "NA RC"]
[PlyCount "74"]
[EventDate "2022.??.??"]
[TimeControl "60"]

1. e4 e5 2. Nf3 Nc6 3. Bc4 Nf6 4. d3 Bc5 5. O-O O-O 6. c3 a5 7. a4 h6 8. h3 d6 9. Re1 Be6 10. Ba2 Qd7 11. Be3 Bxe3 12. Rxe3 Bxa2 13. Rxa2 Qe6 14. Ra1 Rfe8 15. Nbd2 Nh5 16. Nh2 Nf4 17. Ndf1 d5 18. exd5 Qxd5 19. Qf3 Qxf3 20. Nxf3 Rad8 21. Rd1 e4 22. Ne1 exd3 23. Rxe8+ Rxe8 24. Nxd3 Rd8 25. Ne3 Nxd3 26. Rb1 Nc5 27. Ra1 Ne5 28. b4 axb4 29. cxb4 Ne4 30. Rc1 Rd4 31. Rxc7 Rxb4 32. a5 Nd3 33. Rc2 Ra4 34. Rc7 Nec5 35. Kf1 Rxa5 36. Ke2 Ra2+ 37. Kd1 Rxf2 0-1

[Event "44th Chess Olympiad Women 2022"]
[Site "Chennai"]
[Date "2022.08.08"]
[Round "10.73"]
[White "Johnson, Daijah"]
[Black "Nema, Rabab Ahmed"]
[Result "0-1"]
[WhiteElo "1480"]
[BlackElo "1172"]
[Annotator "NA RC"]
[PlyCount "50"]
[EventDate "2022.??.??"]
[TimeControl "60"]

1. d4 Nf6 2. c4 g6 3. Nc3 Bg7 4. e4 d6 5. h3 O-O 6. Nf3 Nbd7 7. Bd3 e5 8. d5 a5 9. Be3 Nc5 10. Bxc5 dxc5 11. Nxe5 Nxe4 12. Bxe4 Bxe5 13. O-O Qg5 14. Qf3 f5 15. Bc2 Bd7 16. Rfe1 Rae8 17. Ba4 Bxc3 18. Rxe8 Bxe8 19. Bxe8 Bxb2 20. Rb1 Rxe8 21. Rxb2 Qc1+ 22. Kh2 Qxb2 23. Qb3 Qxb3 24. axb3 Re2 25. Kg3 Rb2 0-1

[Event "44th Chess Olympiad Women 2022"]
[Site "Chennai"]
[Date "2022.08.08"]
[Round "10.78"]
[White "Alvarado Perez, Coralys M."]
[Black "Finnbogadottir, Tinna Kristin"]
[Result "0-1"]
[WhiteElo "1471"]
[BlackElo "1828"]
[Annotator "NA RC"]
[PlyCount "100"]
[EventDate "2022.??.??"]
[TimeControl "60"]

1. e4 c5 2. g3 d5 3. d3 dxe4 4. dxe4 Qxd1+ 5. Kxd1 Nc6 6. c3 Nf6 7. f3 g6 8. Be3 b6 9. Na3 Bg7 10. Bg2 Ba6 11. Kc2 Rd8 12. Bf1 Bb7 13.
Ne2 Ne5 14. Bg2 Ba6 15. Nf4 e6 16. Rad1 O-O 17. Rxd8 Rxd8 18. Rd1 Rxd1 19. Kxd1 g5 20. Ne2 g4 21. fxg4 Nexg4 22. Bg1 Bd3 23. Nf4 Bxe4 24. Bxe4 Nxe4 25. Nb5 a5 26. Ne2 Nef2+ 27. Kc2 Nh3 28. Nd6 Nxg1 29. Nxg1 Nxh2 30. Nc4 b5 31. Nxa5 Be5 32. Ne2 Nf1 33.
Nb7 Nxg3 34. Nxg3 Bxg3 35. Nxc5 h5 36. Ne4 h4 37. Kd3 Be5 38.
Ng5 Kf8 39. b3 Ke7 40. c4 b4 41. Ke4 f6 42. Nh3 Kd6 43. Nf2 Bg3 44. Nd3 f5+ 45. Kf3 e5 46. Nxb4 e4+ 47. Kg2 f4 48. Nc2 Kc5 49. a4 f3+ 50.
Kf1 h3 0-1

[Event "44th Chess Olympiad Women 2022"]
[Site "Chennai"]
[Date "2022.08.08"]
[Round "10.78"]
[White "Ptacnikova, Lenka"]
[Black "Morales Santos, Natasha"]
[Result "0-1"]
[WhiteElo "2066"]
[BlackElo "1924"]
[Annotator "NA RC"]
[PlyCount "134"]
[EventDate "2022.??.??"]
[TimeControl "60"]

1. e4 e6 2. d4 d5 3. Nd2 Be7 4. Ngf3 Nf6 5. Bd3 c5 6. dxc5 O-O 7. O-O a5 8. a4 Na6 9. exd5 Nxd5 10. Bxa6 Rxa6 11. Nb3 Qc7 12. Qd4 Rd8 13. c3 f6 14. Qc4 e5 15. Re1 Be6 16. Qb5 Bf7 17. Bd2 Rc8 18.
c4 Be8 19. cxd5 Bxb5 20. axb5 Raa8 21. d6 Bxd6 22. cxd6 Qxd6 23. Nxa5 Qd5 24. Bc3 Qxb5 25. Nxb7 Qxb7 26. h3 Qb3 27. Nd2 Qc2 28. Rac1 Qg6 29. Ne4 h5 30. Nd6 Rd8 31. Bb4 Rab8 32. Ba3 Rxd6 33. Bxd6 Rxb2 34. Red1 Rc2 35. Rxc2 Qxc2 36.
Rf1 Qd3 37. Bc5 f5 38. f3 Qd5 39. Bf2 g5 40. Re1 Kf7 41. Bg3 f4 42. Bf2 g4 43. hxg4 hxg4 44. fxg4 e4 45. Rf1 Kg6 46. Bh4 Qd4+ 47. Kh2 Qh8 48. Kh3 Qc3+ 49. Kh2 Qd2 50. Rf2 Qe1 51. g5 f3 52. Bg3 Qd1 53. gxf3 e3 54. Rg2 Qxf3 55. Bh4 Qf1 56. Rg1 e2 57. Be1 Qf4+ 58. Kh3 Qf3+ 59. Kh2 Qf1 60. Bh4 Kh5 61. Be1 Qf4+ 62. Kh3 Qe3+ 63. Kh2 Qe5+ 64. Kh3 Kg6 65. Rg2 Qe3+ 66. Kh2 Qf4+ 67. Kh1 Qf1+ 0-1

[Event "44th Chess Olympiad Women 2022"]
[Site "Chennai"]
[Date "2022.08.08"]
[Round "10.78"]
[White "Rivera Negron Yanira"]
[Black "Johannsdottir, Johanna Bjorg"]
[Result "0-1"]
[WhiteElo "1770"]
[BlackElo "1976"]
[Annotator "NA RC"]
[PlyCount "62"]
[EventDate "2022.??.??"]
[TimeControl "60"]

1. d4 Nf6 2. Nf3 e6 3. Bf4 c5 4. e3 cxd4 5. exd4 b6 6. Bd3 Bb7 7. Nbd2 Be7 8. h3 d6 9. O-O O-O 10. c3 Nbd7 11. Qe2 Qc7 12. Rfe1 Rfe8 13. Ba6 Bxa6 14. Qxa6 Nd5 15. Bh2 Qc6 16. Rad1 Rac8 17. Qd3 b5 18. Ne4 Nf8 19. Nfd2 Ng6 20. Qg3 Ndf4 21. Qe3 e5 22. dxe5 dxe5 23. Nf3 f5 24. Ng3 Bc5 25. Qd2 Nxg2 26. Qd5+ Qxd5 27. Rxd5 Nxe1 28. Nxe1 Nf4 29. Rd7 Nxh3+ 30. Kg2 Nf4+ 31. Kf3 g6 0-1

[Event "44th Chess Olympiad Women 2022"]
[Site "Chennai"]
[Date "2022.08.08"]
[Round "10.78"]
[White "Thorsteinsdottir, Hallgerdur"]
[Black "Vega Jimenez, Keyshla M."]
[Result "1-0"]
[WhiteElo "1934"]
[BlackElo "1653"]
[Annotator "NA RC"]
[PlyCount "95"]
[EventDate "2022.??.??"]
[TimeControl "60"]

1. e4 e5 2. Nf3 Nc6 3. Bc4 Bc5 4. c3 Nf6 5. d3 O-O 6. O-O d6 7. Re1 a6 8. a4 Ba7 9. h3 h6 10. b4 Ne7 11. d4 Ng6 12. Nbd2 Re8 13. Qc2 Nh5 14. Nf1 Qf6 15. Ne3 c6 16. Ng4 Bxg4 17. hxg4 Nhf4 18. Be3 Nf8 19. b5 cxb5 20. axb5 Rec8 21. bxa6 bxa6 22. Bxa6 Rc7 23. Qd2 N8e6 24. g3 Ng6 25. Be2 Qe7 26. Kg2 Rac8 27. Ba6 Rb8 28. Reb1 Qd8 29. Rb5 Rxb5 30. Bxb5 Qb8 31. c4 Rb7 32. Bc6 Rb2 33. Qd1 Rb4 34. Bb5 exd4 35. Bd2 Rxb5 36. cxb5 Bc5 37. Qa4 Kh7 38. Bb4 Qb7 39. Bxc5 dxc5 40. Nd2 Ne5 41. Qa6 Qd7 42. b6 Nd8 43. Qa8 Ndc6 44. b7 c4 45. b8=Q Nxb8 46. Qxb8 f6 47. Nf3 Ng6 48. Ra8 1-0